 Dungeon Crawl Stone Soup version 0.30.0 (webtiles) character file.

Game seed: 2076997994982228466

2734 SeerSkye the Grappler (level 9, -9/92 HPs)
             Began as a Troll Monk on May 6, 2023.
             Was a Priest of Makhleb.
             Mangled by a fire crab (15 damage)
             ... on level 8 of the Dungeon.
             The game lasted 00:35:07 (4398 turns).

SeerSkye the Grappler (Troll Monk)                  Turns: 4398, Time: 00:35:08

Health: -9/92      AC:  5    Str: 25    XL:     9   Next: 40%
Magic:  8/8        EV: 10    Int:  3    God:    Makhleb [***...]
Gold:   253        SH:  0    Dex: 12    Spells: 8/8 levels left

rFire   . .          .
                       - Unarmed
rCold   . . .        c - orb {light}
rNeg    + + +        u - +1 robe "Zegor" {rElec rN+++ Will- Int-3}
rPois   .            (helmet restricted)
rElec   +            (no cloak)
rCorr   .            (gloves unavailable)
SInv    .            (boots unavailable)
Will    .....        (no amulet)
Stlth   +            i - ring of positive energy
HPRegen 1.15/turn    (no ring)
MPRegen 0.11/turn

%: no passive effects
@: weak-willed, glowing
A: large, unfitting armour, claws 3, regeneration 1, shaggy fur 1, tough skin 1
a: Renounce Religion, Minor Destruction, Lesser Servant of Makhleb


You were on level 8 of the Dungeon.
You worshipped Makhleb.
Makhleb was most pleased with you.
You visited 2 branches of the dungeon, and saw 10 of its levels.

You collected 273 gold pieces.
You spent 20 gold pieces at shops.

Inventory:

Hand Weapons
 a - a +1 sling of flaming
Missiles
 d - 16 stones (quivered)
 o - 6 poisoned darts
Armour
 c - an orb of light (worn)
 p - a +1 robe
 u - the +1 robe "Zegor" (worn) {rElec rN+++ Will- Int-3}
   (You found it on level 4 of the Dungeon)

   Int:       It affects your intelligence (-3).
   rElec:     It insulates you from electricity.
   rN:        It renders you almost immune to negative energy.
   Will:      It decreases your willpower.
Jewellery
 i - a ring of positive energy (left claw)
 G - a ring of positive energy
Wands
 h - a wand of digging (6)
 w - a wand of polymorph (1)
 y - a wand of flame (21)
 z - a wand of mindburst (21)
Scrolls
 f - 2 scrolls of enchant armour
 g - a scroll of vulnerability
 k - a scroll of poison {unknown}
 n - a scroll of summoning {unknown}
 q - a scroll of torment {unknown}
 s - a scroll of amnesia {unknown}
 B - a scroll of acquirement {unknown}
 C - a scroll of fog {unknown}
 D - a scroll of immolation {unknown}
 F - a scroll of identify {@r1}
 I - a scroll of teleportation {unknown}
Potions
 b - 2 potions of ambrosia
 e - 2 potions of flight
 j - 7 potions of curing {@q1}
 l - a potion of magic
 m - 2 potions of cancellation
 r - 4 potions of mutation
 t - a potion of lignification {unknown}
 v - a potion of degeneration {unknown}
 x - a potion of might {unknown}
 A - 2 potions of attraction {unknown}
 E - a potion of brilliance {unknown}
 H - a potion of heal wounds {unknown}


   Skills:
 + Level 6.7 Fighting
 - Level 2.4 Dodging
 * Level 11.0 Unarmed Combat


You had 8 spell levels left.
You didn't know any spells.
Your spell library contained the following spells:

 Spells                   Type           Power      Damage    Failure   Level
 Freeze                   Ice            0%         1d3       52%         1
 Shock                    Conj/Air       0%         1d3       52%         1
 Frozen Ramparts          Ice            0%         1d1       88%         3
 Hailstorm                Conj/Ice       0%         3d3       88%         3
 Swiftness                Air            0%         N/A       88%         3
 Airstrike                Air            0%         2d(0-16)  99%         4


Dungeon Overview and Level Annotations

Branches:
Dungeon (9/15) Zot: 26914  Temple (1/1) D:4 Zot: 5917    Lair (0/5) D:8
    Orc: D:9-12

Altars:
Ashenzari
Cheibriados
Dithmenos
Elyvilon
Fedhas
Gozag
Hepliaklqana
Kikubaaqudgha
Makhleb
Sif Muna
Trog
Uskayaw
Xom
Yredelemnul
Zin

Shops:
D:2 [([(?

Annotations:
D:5 2 runed translucent doors
D:7 Dowan, Duvessa


Innate Abilities, Weirdness & Mutations

You are too large for most types of armour.
You have claws for hands.
Your natural rate of healing is unusually fast.
You are covered in fur. (AC +1)
You have tough skin. (AC +1)


Message History

The wight is heavily damaged.
The wight closely misses you.
You barely miss the wight.
The wight is heavily damaged.
The wight closely misses you.
You barely miss the wight.
The wight is heavily damaged.
You scratch the wight.
The wight is severely damaged.
The wight hits you with a +3 morningstar.
You claw the wight!
You destroy the wight!
Makhleb accepts your kill.
You feel better.
Unknown command.
Items here: )) [[.
Items here: )) [[.
The fire crab barely misses you. The fire crab claws you.
You are engulfed in flames!
You mangle the fire crab!!
The fire crab is moderately wounded.
The fire crab bites you.
You are engulfed in flames!
The fire crab claws you.
* * * LOW HITPOINT WARNING * * *
You are engulfed in flames!
* * * LOW HITPOINT WARNING * * *
Okay, then.
As you read the scroll labelled NIRGHI SYUCVE, it crumbles to dust.
Magic quickly surges around you.
It was a scroll of vulnerability.
The fire crab bites you.
* * * LOW HITPOINT WARNING * * *
You are engulfed in flames!
* * * LOW HITPOINT WARNING * * *
The fire crab claws you.
* * * LOW HITPOINT WARNING * * *
You are engulfed in flames!
* * * LOW HITPOINT WARNING * * *
The fire crab attacks as you move away! The fire crab bites you.
* * * LOW HITPOINT WARNING * * *
You are engulfed in flames!
You die...

#....<##.##.# .####
#.....##....###.....
#..................
#.....##...........
#.....##>.....##
###########...#
##.###### ########.# ...
#.t@...).##.# #.#
#.#######...#.....
........................
####.###...≈§≈≈.....#.##
# ..§§§≈≈≈...!.#
:.§≈.§≈§≈..#.#
.§§≈§t.≈§.## #
#.§§§≈.≈... #§§≈≈≈≈≈≈...


You could see a fire crab (weak-willed).

Vanquished Creatures
  Grinder (D:5)
  Eustachio (D:5)
  A water moccasin (D:6)
  4 ice beasts
  A sky beast (D:5)
  2 black bears
  2 centaurs (D:6)
  2 phantoms (D:5)
  4 scorpions
  2 bullfrogs (D:6)
  8 wights
  2 hounds
  A gnoll bouda (D:6)
  2 jellies
  An orc priest (D:5)
  2 sleepcaps
  3 iguanas
  An orc wizard (D:6)
  9 adders
  4 gnolls
  2 shadow imps
  A white imp (D:8)
  An ufetubus (D:6)
  2 worms (D:2)
  5 dart slugs
  15 orcs
  5 bats
  6 endoplasms
  7 giant cockroaches
  11 goblins
  A hobgoblin (D:4)
  6 kobolds
  A quokka (D:1)
  3 ball pythons
  3 frilled lizards
  4 rats
126 creatures vanquished.

Notes
Turn   | Place    | Note
-------+----------+-------------------------------------------
     0 | D:1      | SeerSkye the Troll Monk began the quest for the Orb.
     0 | D:1      | Reached XP level 1. HP: 22/22 MP: 0/0
   263 | D:2      | Reached XP level 2. HP: 27/29 MP: 1/1
   266 | D:2      | Found Iteunimy's Weapon Shop.
   491 | D:1      | Reached XP level 3. HP: 36/36 MP: 2/2
   604 | D:2      | Found Uxtic's Antique Weapon Shoppe.
   648 | D:2      | Reached skill level 4 in Unarmed Combat
   648 | D:2      | Found Zoxujeul's Magic Scroll Emporium.
   654 | D:2      | Bought a scroll of identify for 20 gold pieces
   745 | D:3      | Reached XP level 4. HP: 45/45 MP: 3/3
   994 | D:2      | Found Tuolad's Antique Armour Shop.
  1025 | D:2      | Found a transporter.
  1097 | D:2      | Found Etifir's Armour Emporium.
  1099 | D:2      | Found a transporter.
  1537 | D:3      | Noticed a scorpion
  1552 | D:3      | Killed a scorpion
  1553 | D:3      | Reached skill level 5 in Unarmed Combat
  1553 | D:3      | Reached XP level 5. HP: 53/53 MP: 4/4
  1718 | D:5      | Entered Level 5 of the Dungeon
  1811 | D:4      | Found a staircase to the Ecumenical Temple.
  2010 | D:4      | Noticed a black bear
  2023 | D:4      | Killed a black bear
  2024 | D:4      | Reached skill level 6 in Unarmed Combat
  2024 | D:4      | Reached XP level 6. HP: 62/62 MP: 5/5
  2150 | Temple   | Entered the Ecumenical Temple
  2213 | Temple   | Became a worshipper of Makhleb the Destroyer
  2213 | Temple   | Reached * piety under Makhleb
  2213 | Temple   | Reached ** piety under Makhleb
  2330 | D:4      | Identified the +1 robe "Zegor" {rElec rN+++ Will- Int-3}
  2347 | D:4      | Found a hazy altar of Hepliaklqana.
  2439 | D:5      | Found a glowing silver altar of Zin.
  2450 | D:5      | Noticed an ice beast
  2464 | D:5      | Killed an ice beast
  2502 | D:5      | Noticed Grinder
  2527 | D:4      | Reached XP level 7. HP: 47/70 MP: 6/6
  2630 | D:5      | Reached skill level 7 in Unarmed Combat
  2731 | D:5      | Noticed Eustachio
  2764 | D:5      | Killed Eustachio
  2775 | D:5      | Paralysed by Grinder for 5 turns
  2804 | D:5      | Killed Grinder
  2805 | D:5      | Reached skill level 5 in Fighting
  2805 | D:5      | Reached skill level 8 in Unarmed Combat
  2805 | D:5      | Reached XP level 8. HP: 73/80 MP: 7/7
  2948 | D:7      | Noticed Dowan
  2948 | D:7      | Noticed Duvessa
  2996 | D:6      | Reached skill level 9 in Unarmed Combat
  3201 | D:5      | Found a large runed translucent door.
  3202 | D:5      | Found a large runed translucent door.
  3498 | D:7      | Found a broken altar of Ashenzari.
  3662 | D:6      | Reached *** piety under Makhleb
  3663 | D:6      | Reached skill level 10 in Unarmed Combat
  3788 | D:6      | Reached XP level 9. HP: 83/89 MP: 8/8
  3996 | D:6      | Identified the staff of fire "Lyqodi Puah" {rF+ rC+++ Will-
                  | Str-4 SInv}
  4154 | D:6      | Identified the +0 robe of Rebbe {+Inv}
  4360 | D:8      | Found a staircase to the Lair.
  4360 | D:8      | Noticed a fire crab
  4374 | D:8      | Reached skill level 11 in Unarmed Combat
  4398 | D:8      | Mangled by a fire crab

Illustrated notes

Levels and vault maps discovered:
D:1:      sevenhm_arrival_forest_fort_large_3, layout_basic,
          ebering_ecumenical_altar_box, nicolae_hexahallways,
          hangedman_decor_points, due_unseen_surprise
D:2:      layout_loops_ring, serial_shops, nicolae_shop_statue_plus,
          nicolae_shop_waterfront, nicolae_shop_pleasant_corner_grove,
          nicolae_shop_drivethru, nicolae_shop_tiny_glass
D:3:      layout_basic, hangedman_abyss_or_decor_lesser_grid, grunt_decor_cap,
          minmay_misc_feat_diagonals
D:4:      layout_basic, kennysheep_mini_moat, temple_doors_e
D:5:      layout_loops_ring, zin_statuary, jmf_multi_god_temple2, corexii_shack,
          uniq_grinder, uniq_eustachio
D:6:      minmay_octagon_keep, layout_basic, hangedman_abyss_or_decor_stabs,
          small_statue_intersection
D:7:      layout_basic, ashenzari_conservatory_becter, uniq_menkaure,
          uniq_duvessa
D:8:      layout_loops_cross, lemuel_coloured_pillars_altar,
          nicolae_tso_carved_into_rock, minmay_lair_entry_lava, serial_shops,
          shop, minmay_three_doors, uniq_maggie
D:9:      layout_stronghold, mainiacjoe_overflow_surrounded_room, orc_0_dummy,
          minmay_fractal_squares_gapless_5, uniq_maurice
Temple:   nicolae_temple_hex_pool

Skill      XL: |  1  2  3  4  5  6  7  8  9 |
---------------+----------------------------+-----
Unarmed Combat | 4 5 6 8 10 11 | 11.0
Fighting       | 3 4 5 6 |  6.7
Dodging        | |  2.4

Action                     |  1- 3 |  4- 6 |  7- 9 || total
---------------------------+-------+-------+-------++-------
  Melee: Unarmed           |    51 |    81 |   173 ||   305
   Fire: Sling             |       |     3 |       ||     3
  Throw: Dart              |     2 |     8 |       ||    10
         Boomerang         |       |    41 |     6 ||    47
         Stone             |       |     2 |    23 ||    25
 Invoke: Minor Destruction |       |     1 |       ||     1
    Use: Scroll            |     3 |     3 |     2 ||     8
         Potion            |       |     2 |     1 ||     3
 Armour: Robe              |    11 |    17 |    34 ||    62
  Dodge: Dodged            |    23 |    46 |    60 ||   129
